 Dungeon Crawl Stone Soup version 0.32-a0-818-gb728d0252e (webtiles) character file.

Game seed: 16343816155539693043

184 Lanoc the Cudgeller (level 5, 0/70 HPs)
             Began as a Mountain Dwarf Chaos Knight on Mar 24, 2024.
             Was a Plaything of Xom.
             Slain by a wyvern (1 damage)
             ... on level 4 of the Dungeon.
             The game lasted 00:03:11 (1987 turns).

Lanoc the Cudgeller (Mountain Dwarf Chaos Knight)   Turns: 1987, Time: 00:03:11

Health: 0/70       AC: 22    Str: 16    XL:     5   Next: 36%
Magic:  14/14      EV:  2    Int: 16    God:    Xom [.*....]
Gold:   181        SH:  0    Dex:  9    Spells: 4/4 levels left

rFire   + . .        o - +5 dagger of Judgement {venom, rF+ rCorr Int+3}
rCold   . . .        (no shield)
rNeg    . . .        b - melded +2 leather armour
rPois   +            d - melded +2 helmet {SInv}
rElec   .            (cloak currently unavailable)
rCorr   +            (gloves currently unavailable)
SInv    .            (boots currently unavailable)
Will    .....        (no amulet)
Stlth   +            j - ring of magical power
HPRegen 0.31/turn    (no ring)
MPRegen 0.14/turn

%: no passive effects
@: mighty, tree-form
A: stationary, stasis, torment immunity, boosted hp, runic magic, artefact
enchanting
a: Renounce Religion


You were on level 4 of the Dungeon.
You worshipped Xom.
You were a plaything of Xom.
You were a tree.
You visited 1 branch of the dungeon, and saw 4 of its levels.

You collected 181 gold pieces.

Inventory:

Hand Weapons
 a - a +0 mace of chaos
 o - the +5 dagger of Judgement (weapon) {venom, rF+ rCorr Int+3}
   (You found it on level 3 of the Dungeon)

   Int+3:     It affects your intelligence (+3).
   rF+:       It protects you from fire.
   rCorr:     It protects you from acid and corrosion.
Missiles
 f - 3 datura-tipped darts (quivered)
Armour
 b - a +2 leather armour (melded)
 d - a +2 helmet of see invisible (melded)
Jewellery
 j - a ring of magical power (left branch)
 r - a ring of ice
Talismans
 l - a serpent talisman
Scrolls
 c - 2 scrolls of butterflies
 g - a scroll of silence {unknown}
 i - 2 scrolls of teleportation {unknown}
 m - a scroll of identify {unknown}
 n - a scroll of amnesia {unknown}
 q - a scroll of enchant armour {unknown}
Potions
 k - a potion of attraction {unknown}
 p - a potion of brilliance {unknown}


   Skills:
 + Level 4.3 Fighting
 * Level 5.8 Maces & Flails
 + Level 3.6 Armour
 - Level 0.6 Dodging


You had 4 spell levels left.
You didn't know any spells.
Your spell library contained the following spells:

 Spells                   Type           Power      Damage    Failure   Level
 Summon Small Mammal      Summ           0%         N/A       26%         1
 Ensorcelled Hibernation  Hex/Ice        0%         N/A       36%         2
 Call Canine Familiar     Summ           0%         N/A       58%         3
 Inner Flame              Hex/Fire       0%         N/A       58%         3
 Passwall                 Erth           0%         N/A       58%         3
 Swiftness                Air            0%         N/A       58%         3
 Flame Wave               Conj/Fire      0%         2d4       94%         4
 Sticky Flame             Fire/Alch      0%         2d4       94%         4
 Summon Blazeheart Golem  Fire/Summ      0%         N/A       94%         4


Dungeon Overview and Level Annotations

Branches:
Dungeon (4/15)
 Temple: D:4-7

Altars:

Shops:
D:2 (   D:3 =

Portals:
Sewer: D:4


Innate Abilities, Weirdness & Mutations

You are a tree.
Your roots penetrate the ground, keeping you stationary.
You cannot be teleported.
You are immune to unholy pain and torment.
Your maximum health is greatly increased.
Your equipment is partially melded.
Your spellcasting is much less encumbered by armour.
You can use scrolls of enchantment on lesser artefacts.


Message History

The datura-tipped dart hits the adder.
The adder flies into a frenzy!
Xom thinks this is hilarious!
The adder closely misses the wyvern.
The wyvern bites you!
* * * LOW HITPOINT WARNING * * *
The adder closely misses the adder.
The adder misses the adder.
The wyvern bites you.
* * * LOW HITPOINT WARNING * * *
It was a potion of lignification.
You turn into a tree.
Your +2 helmet of see invisible melds into your body.
Your +2 leather armour melds into your body.
You feel less perceptive.
Your roots penetrate the ground.
Xom thinks this is hilarious!
The adder bites the wyvern but does no damage.
The adder completely misses the adder.
The adder closely misses the wyvern.
The wyvern bites you.
You die... "NOOOOOOO, not my toy!"
Xom revives you!
The adder bites the adder.
You closely miss the wyvern.
The wyvern is heavily wounded.
The adder barely misses the adder.
The wyvern bites you but does no damage.
The adder barely misses the adder.
The adder barely misses the wyvern.
The wyvern bites you!
* * * LOW HITPOINT WARNING * * *
It was a potion of might.
You feel very mighty all of a sudden.
The adder bites the adder.
The adder barely misses the adder.
The wyvern bites you but does no damage.
The adder barely misses the adder.
You hit the wyvern but do no damage.
The wyvern is poisoned.
The wyvern is heavily wounded.
The adder bites the wyvern but does no damage.
The adder bites the adder.
The wyvern bites you but does no damage.
The adder bites the wyvern but does no damage.
The adder bites the adder.
The wyvern bites you.
You die...
Xom chuckles heartily!

#### #......#####
##..........#
...#######.#
#.#~~~~~#.#
#.#~~∩~BSS#
########.#~~~~B#k#
.........#######♣#
.................#
........#.########
..........#
##.##########
#...........#
..#.........#
............#
............#


You could see a wyvern (very poisoned), an adder, 2 giant cockroaches and a
neutral adder (fast, strong, frenzied, distracted).

Vanquished Creatures
  A phantom (D:3)
  A bombardier beetle (D:4)
  2 adders
  2 ribbon worms (D:2)
  A dart slug (D:1)
  7 endoplasms
  4 giant cockroaches
  4 goblins (D:1)
  3 hobgoblins
  6 kobolds
  A quokka (D:1)
  9 ball pythons
  5 bats
  4 frilled lizards
  9 rats
59 creatures vanquished.

Notes
Turn   | Place    | Note
-------+----------+-------------------------------------------
     0 | D:1      | Lanoc the Mountain Dwarf Chaos Knight began the quest for
                  | the Orb.
     0 | D:1      | Reached XP level 1. HP: 19/19 MP: 1/1
    71 | D:1      | Reached skill level 4 in Maces & Flails
    73 | D:1      | Reached XP level 2. HP: 21/26 MP: 2/2
   200 | D:1      | XOM: potion effect (brilliance)
   255 | D:1      | XOM: silly message
   307 | D:1      | Reached XP level 3. HP: 31/31 MP: 3/3
   671 | D:2      | Found Fibala Zaur's Weapon Boutique.
  1085 | D:2      | XOM: noise
  1100 | D:2      | XOM: cast spell 'Summon Small Mammal'
  1272 | D:3      | XOM: silly message
  1436 | D:3      | XOM: silly message
  1482 | D:3      | Identified the +5 dagger of Judgement {venom, rF+ rCorr
                  | Int+3}
  1505 | D:3      | XOM: enchant monster (good)
  1509 | D:3      | Reached skill level 5 in Maces & Flails
  1509 | D:3      | Reached XP level 4. HP: 35/40 MP: 4/4
  1654 | D:3      | Found Joperok's Jewellery Boutique.
  1655 | D:3      | Noticed a phantom
  1666 | D:3      | XOM: enchant monster (bad)
  1669 | D:3      | Killed a phantom
  1670 | D:3      | Reached XP level 5. HP: 34/46 MP: 5/5
  1768 | D:3      | XOM: noise
  1961 | D:4      | Found a glowing drain.
  1978 | D:4      | an adder changed into a wyvern
  1978 | D:4      | Noticed a wyvern
  1978 | D:4      | XOM: polymorph adder -> wyvern
  1983 | D:4      | HP: 1/47 [wyvern (4)]
  1984 | D:4      | Xom revived you
  1987 | D:4      | Slain by a wyvern

Illustrated notes

Levels and vault maps discovered:
D:1:      wander_arrival_peaceful_grave, layout_rooms,
          nicolae_concentric_dashed_squares_wild
D:2:      layout_rooms, serial_shops, shop, serial_park_tiny_pond
D:3:      layout_rooms, serial_shops,
          nicolae_shop_temple_entry_statues_fountains
D:4:      layout_rooms, gup_sewer_entry_glass, uniq_menkaure

Skill      XL: |  1  2  3  4 |
---------------+-------------+-----
Maces & Flails | 4 5 |  5.8
Armour         | 3 |  3.6
Fighting       | 4 |  4.3
Dodging        | |  0.6

Action                     |  1- 3 |  4- 6 || total
---------------------------+-------+-------++-------
  Melee: Mace              |   135 |       ||   135
         Dagger            |     7 |    41 ||    48
         Unarmed           |     5 |       ||     5
  Throw: Dart              |       |     1 ||     1
    Use: Potion            |       |     2 ||     2
   Stab: Petrifying        |     1 |       ||     1
 Armour: Leather armour    |   138 |    35 ||   173
         Skin              |     1 |     6 ||     7
  Dodge: Dodged            |   101 |    20 ||   121
         Form:             |     1 |       ||     1
         Serpent           |     1 |       ||     1

Table legend: (Time is in decaauts)
 A = Elapsed time spent in this place.
 B = Non-inter-level travel time spent in this place.
 C = Inter-level travel time spent in this place.
 D = Time resting spent in this place.
 E = Time spent auto-exploring this place.
 F = Levels seen in this place.
 G = Mean time per level.
                   A        B        C        D        E       F      G
               +--------+--------+--------+--------+--------+-----+--------+
         Total |   2009 |   1947 |     62 |      0 |   1487 |   4 |  502.2 |
       Dungeon |   2009 |   1947 |     62 |      0 |   1487 |   4 |  502.2 |
               +--------+--------+--------+--------+--------+-----+--------+

Top non-repeatable levels by time:
     D:3: 746 daAuts
     D:2: 655 daAuts
     D:1: 563 daAuts
     D:4: 44 daAuts
